NYP
VERMONT LAKE MONSTERS @ IDAHO FALLS CHUKARS
06/05/2048
 
TOP OF THE 1ST
Vermont Lake Monsters batting - Pitching for Idaho Falls Chukars : RHP Brian Hunt
Pitching: RHP Brian Hunt
Batting: RHB Josh Mauer 0-0: Ball
1-0: Ball
2-0: Ball
3-0: Called Strike
3-1: DOUBLE (Groundball, 5L, EV 102.5 MPH)
Batting: RHB Chris Temple 0-0: Called Strike
0-1: Called Strike
0-2: Strikes out swinging
Batting: RHB Zachary Anderson 0-0: Called Strike
0-1: Ball
1-1: Ball
2-1: Swinging Strike
2-2: Ball
3-2: Foul Ball, location: 2F
3-2: Foul Ball, location: 2F
3-2: Strikes out looking
Batting: LHB Brian Puccio 0-0: Ball
1-0: Ball
2-0: Ball
3-0: Base on Balls
Batting: LHB Ed Talamantes 0-0: Ball
1-0: Ball
2-0: Ball
3-0: Base on Balls
Josh Mauer to third
Brian Puccio to second
Batting: RHB Chris Prinzing 0-0: Swinging Strike
0-1: Ball
1-1: Ball
2-1: Called Strike
2-2: Foul Ball, location: 2F
2-2: Strikes out swinging
Top of the 1st over - 0 runs, 1 hit, 0 errors, 3 left on base; Vermont 0 - Idaho Falls 0
BOTTOM OF THE 1ST
Idaho Falls Chukars batting - Pitching for Vermont Lake Monsters : RHP Kyle Rasor
Pitching: RHP Kyle Rasor
Batting: RHB Jonas Fernandez 0-0: Ball
1-0: Ball
2-0: Called Strike
2-1: Ball
3-1: Swinging Strike
3-2: Foul Ball, location: 2F
3-2: Foul Ball, location: 2F
3-2: Base on Balls
Batting: RHB Mike Bearden 0-0: Ball
1-0: Ball
2-0: Ball
Jonas Fernandez is caught stealing 2nd base 2-4
3-0: Called Strike
3-1: Base on Balls
Batting: RHB Carlos Almada 0-0: SINGLE (Line Drive, 6D, EV 94.4 MPH)
Mike Bearden to second
Batting: RHB Chance Argy 0-0: Foul Ball, location: 2F
0-1: Swinging Strike
0-2: Ball
1-2: Strikes out looking
Batting: RHB Ian Hornsby 0-0: Ball
1-0: Ball
2-0: Ball
3-0: Called Strike
3-1: Base on Balls
Mike Bearden to third
Carlos Almada to second
Batting: RHB Jimmy Mayville 0-0: Called Strike
0-1: Ball
1-1: Ball
2-1: Foul Ball, location: 2F
2-2: Ball
3-2: Strikes out swinging
Bottom of the 1st over - 0 runs, 1 hit, 0 errors, 3 left on base; Vermont 0 - Idaho Falls 0
TOP OF THE 2ND
Vermont Lake Monsters batting - Pitching for Idaho Falls Chukars : RHP Brian Hunt
Batting: SHB Steve Salafia 0-0: Foul Ball, location: 2F
0-1: Ground out 4-3 (Groundball, 4, EV 85.0 MPH)
Batting: RHB Jon Coleman 0-0: Swinging Strike
0-1: Ball
1-1: Fly out, F5 (Popup, 56S, EV 80.6 MPH)
Batting: RHB Sean Gould 0-0: Ball
1-0: Ball
2-0: Ball
3-0: Called Strike
3-1: Base on Balls
Batting: RHB Josh Mauer 0-0: Called Strike
0-1: Swinging Strike
0-2: Foul Ball, location: 2F
0-2: Fly out, F8 (Flyball, 8LS, EV 84.4 MPH)
Top of the 2nd over - 0 runs, 0 hits, 0 errors, 1 left on base; Vermont 0 - Idaho Falls 0
BOTTOM OF THE 2ND
Idaho Falls Chukars batting - Pitching for Vermont Lake Monsters : RHP Kyle Rasor
Batting: RHB Bobby Matyas 0-0: Ground out 6-3 (Groundball, 6, EV 84.4 MPH)
Batting: LHB David Bearden 0-0: Swinging Strike
0-1: Swinging Strike
0-2: Strikes out swinging
Batting: SHB Benoît Morin 0-0: Ground out 1-3 (Groundball, 13S, EV 73.1 MPH)
Bottom of the 2nd over - 0 runs, 0 hits, 0 errors, 0 left on base; Vermont 0 - Idaho Falls 0
TOP OF THE 3RD
Vermont Lake Monsters batting - Pitching for Idaho Falls Chukars : RHP Brian Hunt
Batting: RHB Chris Temple 0-0: Swinging Strike
0-1: Called Strike
0-2: Ball
1-2: Strikes out swinging
Batting: RHB Zachary Anderson 0-0: Ball
1-0: Ball
2-0: Foul Ball, location: 2F
2-1: Foul Ball, location: 2F
2-2: Ball
3-2: Foul Ball, location: 2F
3-2: Base on Balls
Batting: LHB Brian Puccio 0-0: Ball
Wild Pitch!
Zachary Anderson to second
1-0: Swinging Strike
1-1: Ball
2-1: Ball
3-1: Called Strike
3-2: Foul Ball, location: 2F
3-2: Foul Ball, location: 2F
3-2: Base on Balls
Batting: LHB Ed Talamantes 0-0: Called Strike
0-1: Called Strike
0-2: Fly out, F9 (Line Drive, 9LS, EV 95.6 MPH)
Batting: RHB Chris Prinzing 0-0: DOUBLE (Line Drive, 89XD, EV 98.1 MPH)
Zachary Anderson scores
Brian Puccio to third
Batting: SHB Steve Salafia 0-0: Ball
1-0: Ground out 6-3 (Groundball, 56, EV 103.1 MPH)
Top of the 3rd over - 1 run, 1 hit, 0 errors, 2 left on base; Vermont 1 - Idaho Falls 0
BOTTOM OF THE 3RD
Idaho Falls Chukars batting - Pitching for Vermont Lake Monsters : RHP Kyle Rasor
Batting: RHB Jonas Fernandez 0-0: Ball
1-0: Foul Ball, location: 2F
1-1: Fly out, F8 (Flyball, 8LXD, EV 92.5 MPH)
Batting: RHB Mike Bearden 0-0: Called Strike
0-1: Ball
1-1: SINGLE (Groundball, 4M, EV 108.8 MPH) (infield hit)
Batting: RHB Carlos Almada 0-0: Swinging Strike
0-1: Foul Ball, location: 2F
0-2: Fly out, F9 (Flyball, 9LM, EV 97.5 MPH)
Batting: RHB Chance Argy 0-0: Ball
1-0: Ball
2-0: Foul Ball, location: 2F
2-1: Ball
3-1: Foul Ball, location: 2F
3-2: Foul Ball, location: 2F
3-2: DOUBLE (Line Drive, 7LM, EV 111.2 MPH)
Mike Bearden to third
Mike Bearden scores
Batting: RHB Ian Hornsby 0-0: Ball
1-0: Called Strike
1-1: Swinging Strike
1-2: Ball
2-2: Strikes out swinging
Bottom of the 3rd over - 1 run, 2 hits, 0 errors, 1 left on base; Vermont 1 - Idaho Falls 1
TOP OF THE 4TH
Vermont Lake Monsters batting - Pitching for Idaho Falls Chukars : RHP Brian Hunt
Batting: RHB Jon Coleman 0-0: Ball
1-0: Ball
2-0: Ball
3-0: Base on Balls
Pitching: RHP Mike Valdez
Batting: RHB Sean Gould 0-0: Ball
1-0: Swinging Strike
1-1: Foul Ball, location: 2F
1-2: Strikes out swinging
Batting: RHB Josh Mauer 0-0: Ball
1-0: Ball
2-0: Called Strike
2-1: Foul Ball, location: 2F
2-2: Strikes out looking
Batting: RHB Chris Temple 0-0: Called Strike
0-1: SINGLE (Groundball, 5D, EV 101.2 MPH)
Jon Coleman to second
Batting: RHB Zachary Anderson 0-0: Ball
1-0: Ball
2-0: Called Strike
2-1: Ball
3-1: Foul Ball, location: 2F
3-2: Strikes out swinging
Top of the 4th over - 0 runs, 1 hit, 0 errors, 2 left on base; Vermont 1 - Idaho Falls 1
BOTTOM OF THE 4TH
Idaho Falls Chukars batting - Pitching for Vermont Lake Monsters : RHP Kyle Rasor
Batting: RHB Jimmy Mayville 0-0: Ball
1-0: Ball
2-0: Ball
3-0: Called Strike
3-1: Swinging Strike
3-2: Base on Balls
Batting: RHB Bobby Matyas 0-0: Ball
1-0: Fielders Choice at 2nd, 5-4 (Groundball, 56, EV 109.4 MPH)
Batting: LHB David Bearden 0-0: Foul Ball, location: 2F
0-1: Ball
1-1: Foul Ball, location: 2F
1-2: Fly out, F8 (Line Drive, 8RD, EV 108.1 MPH)
Batting: SHB Benoît Morin 0-0: Called Strike
0-1: Foul Ball, location: 2F
0-2: Fielders Choice at 2nd, 5-4 (Groundball, 5L, EV 100.0 MPH)
Bottom of the 4th over - 0 runs, 0 hits, 0 errors, 1 left on base; Vermont 1 - Idaho Falls 1
TOP OF THE 5TH
Vermont Lake Monsters batting - Pitching for Idaho Falls Chukars : RHP Mike Valdez
Batting: LHB Brian Puccio 0-0: Called Strike
0-1: Called Strike
0-2: Ball
1-2: Foul Ball, location: 2F
1-2: Foul Ball, location: 2F
1-2: Strikes out looking
Batting: LHB Ed Talamantes 0-0: Ball
1-0: Foul Ball, location: 2F
1-1: Foul Ball, location: 2F
1-2: Strikes out swinging
Batting: RHB Chris Prinzing 0-0: Ball
1-0: Swinging Strike
1-1: Called Strike
1-2: Strikes out swinging
Top of the 5th over - 0 runs, 0 hits, 0 errors, 0 left on base; Vermont 1 - Idaho Falls 1
BOTTOM OF THE 5TH
Idaho Falls Chukars batting - Pitching for Vermont Lake Monsters : RHP Kyle Rasor
Batting: RHB Jonas Fernandez 0-0: Ball
1-0: DOUBLE (Groundball, 5L, EV 105.0 MPH)
Batting: RHB Mike Bearden 0-0: Ball
1-0: Ball
2-0: Foul Ball, location: 2F
2-1: SINGLE (Groundball, 25, EV 69.4 MPH) (infield hit)
Jonas Fernandez to third
Batting: RHB Carlos Almada 0-0: Called Strike
0-1: DOUBLE (Flyball, 89D, EV 105.0 MPH)
Jonas Fernandez scores
Mike Bearden to third
Batting: RHB Chance Argy 0-0: Swinging Strike
0-1: Swinging Strike
0-2: Foul Ball, location: 2F
0-2: Strikes out swinging
Batting: RHB Ian Hornsby 0-0: Ball
1-0: Ball
2-0: Swinging Strike
2-1: Foul Ball, location: 2F
2-2: Ball
3-2: Foul Ball, location: 2F
3-2: Foul Ball, location: 2F
3-2: Base on Balls
Batting: RHB Jimmy Mayville 0-0: Swinging Strike
0-1: Foul Ball, location: 2F
0-2: Ball
1-2: Ball
2-2: Strikes out swinging
Batting: RHB Bobby Matyas 0-0: Called Strike
0-1: Swinging Strike
0-2: Strikes out swinging
Bottom of the 5th over - 1 run, 3 hits, 0 errors, 3 left on base; Vermont 1 - Idaho Falls 2
TOP OF THE 6TH
Vermont Lake Monsters batting - Pitching for Idaho Falls Chukars : RHP Mike Valdez
Batting: SHB Steve Salafia 0-0: Called Strike
0-1: Foul Ball, location: 2F
0-2: Strikes out looking
Batting: RHB Jon Coleman 0-0: Foul Ball, location: 2F
0-1: Ball
1-1: Ball
2-1: Ground out 5-3 (Groundball, 5, EV 101.9 MPH)
Batting: RHB Sean Gould 0-0: Ball
1-0: Ground out 6-3 (Groundball, 6S, EV 87.5 MPH)
Top of the 6th over - 0 runs, 0 hits, 0 errors, 0 left on base; Vermont 1 - Idaho Falls 2
BOTTOM OF THE 6TH
Idaho Falls Chukars batting - Pitching for Vermont Lake Monsters : RHP Kyle Rasor
Batting: LHB David Bearden 0-0: Called Strike
0-1: Foul Ball, location: 2F
0-2: Foul Ball, location: 2F
0-2: Strikes out swinging
Pitching: RHP Igoryok Wolgaevsky
Batting: SHB Benoît Morin 0-0: Foul Ball, location: 2F
0-1: Ball
1-1: DOUBLE (Line Drive, 78D, EV 113.1 MPH)
Batting: RHB Jonas Fernandez 0-0: Called Strike
0-1: Ball
1-1: Called Strike
1-2: Ball
Wild Pitch!
Benoît Morin to third
2-2: Ground out 4-3 (Groundball, 4, EV 109.4 MPH)
Batting: RHB Mike Bearden 0-0: Called Strike
0-1: Ball
1-1: Ball
2-1: Hit by Pitch
Batting: RHB Carlos Almada 0-0: Fielders Choice at 2nd, 6-4 (Groundball, 6, EV 85.6 MPH)
Bottom of the 6th over - 0 runs, 1 hit, 0 errors, 2 left on base; Vermont 1 - Idaho Falls 2
TOP OF THE 7TH
Vermont Lake Monsters batting - Pitching for Idaho Falls Chukars : RHP Mike Valdez
Pitching: RHP Tristan Jones
Pinch Hitting: LHB Igor Ciobanu 0-0: Foul Ball, location: 2F
0-1: Swinging Strike
0-2: Ball
1-2: Ball
2-2: Strikes out swinging
Batting: RHB Chris Temple 0-0: Ball
1-0: Ball
2-0: Called Strike
2-1: Ball
3-1: Foul Ball, location: 2F
3-2: Foul Ball, location: 2F
3-2: Strikes out swinging
Batting: RHB Zachary Anderson 0-0: Ball
1-0: Ball
2-0: Foul Ball, location: 2F
2-1: Foul Ball, location: 2F
2-2: Strikes out swinging
Top of the 7th over - 0 runs, 0 hits, 0 errors, 0 left on base; Vermont 1 - Idaho Falls 2
BOTTOM OF THE 7TH
Idaho Falls Chukars batting - Pitching for Vermont Lake Monsters : RHP Igoryok Wolgaevsky
Now in RF: Matt Sybrant
Batting: RHB Chance Argy 0-0: Ball
1-0: Ground out 5-3 (Groundball, 5L, EV 88.8 MPH)
Batting: RHB Ian Hornsby 0-0: Ball
1-0: Swinging Strike
1-1: Called Strike
1-2: SINGLE (Groundball, 6MD, EV 103.1 MPH)
Batting: RHB Jimmy Mayville 0-0: Grounds into double play, 1-6-3 (Groundball, 13S, EV 65.0 MPH)
Bottom of the 7th over - 0 runs, 1 hit, 0 errors, 0 left on base; Vermont 1 - Idaho Falls 2
TOP OF THE 8TH
Vermont Lake Monsters batting - Pitching for Idaho Falls Chukars : RHP Tristan Jones
Batting: LHB Brian Puccio 0-0: Ball
1-0: Called Strike
1-1: Foul Ball, location: 2F
1-2: Ball
2-2: Foul Ball, location: 2F
2-2: Ball
3-2: Ground out 6-3 (Groundball, 6, EV 100.0 MPH)
Batting: LHB Ed Talamantes 0-0: Called Strike
0-1: Foul Ball, location: 2F
0-2: Ball
1-2: Ball
2-2: Foul Ball, location: 2F
2-2: Ball
3-2: Foul Ball, location: 2F
3-2: Ground out U3 (Groundball, 3, EV 107.5 MPH)
Pinch Hitting: LHB Nate Melendez 0-0: Called Strike
0-1: Ground out 2-3 (Groundball, 2L, EV 71.9 MPH)
Top of the 8th over - 0 runs, 0 hits, 0 errors, 0 left on base; Vermont 1 - Idaho Falls 2
BOTTOM OF THE 8TH
Idaho Falls Chukars batting - Pitching for Vermont Lake Monsters : RHP Igoryok Wolgaevsky
Now at 2B: Sean Gould
Now at SS: Steve Salafia
Now in CF: Nate Melendez
Batting: RHB Bobby Matyas 0-0: Ball
1-0: Ball
2-0: Fly out, F6 (Popup, 6, EV 51.2 MPH)
Batting: LHB David Bearden 0-0: SINGLE (Groundball, 4D, EV 101.2 MPH)
Batting: SHB Benoît Morin 0-0: Called Strike
0-1: Ball
1-1: Ball
Wild Pitch!
David Bearden to second
2-1: Ball
Wild Pitch!
David Bearden to third
3-1: SINGLE (Groundball, 4, EV 90.6 MPH) (infield hit)
David Bearden scores
Batting: RHB Jonas Fernandez 0-0: Ball
1-0: Foul Ball, location: 2F
1-1: Ball
2-1: Ball
3-1: Base on Balls
Benoît Morin to second
Pitching: RHP Jimmy Tasso
Batting: RHB Mike Bearden 0-0: Called Strike
0-1: Called Strike
0-2: SINGLE (Line Drive, 4M, EV 98.1 MPH)
Benoît Morin to third
Jonas Fernandez to second
Runner from 3rd tries for Home, throw by CF and OUT! 8-2
Batting: RHB Carlos Almada 0-0: Ball
1-0: Foul Ball, location: 2F
1-1: Called Strike
1-2: Strikes out swinging
Bottom of the 8th over - 1 run, 3 hits, 0 errors, 2 left on base; Vermont 1 - Idaho Falls 3
TOP OF THE 9TH
Vermont Lake Monsters batting - Pitching for Idaho Falls Chukars : RHP Tristan Jones
Pitching: RHP Francisco Reyes
Batting: SHB Steve Salafia 0-0: SINGLE (Groundball, 34, EV 103.1 MPH)
Batting: RHB Jon Coleman 0-0: Ball
1-0: Foul Ball, location: 2F
1-1: Ball
2-1: Swinging Strike
2-2: Strikes out swinging
Batting: RHB Sean Gould 0-0: Ball
1-0: Ball
Passed Ball!
Steve Salafia to second
2-0: Called Strike
2-1: Ball
3-1: Swinging Strike
3-2: Strikes out swinging
Batting: SHB Matt Sybrant 0-0: Ball
1-0: Called Strike
1-1: Foul Ball, location: 2F
1-2: Ball
Wild Pitch!
Steve Salafia to third
2-2: Foul Ball, location: 2F
2-2: Strikes out swinging
Top of the 9th over - 0 runs, 1 hit, 0 errors, 1 left on base; Vermont 1 - Idaho Falls 3
Tuesday, March 28th , 2023 - OOTP Baseball 23.10 Build 110